General information
- name: BNet
- type: Ladder team game (AT/RT)
- host: Battle.net
- saver: NOTIME4FUCNIGAS
map: Cherryville
- players: 8
- length: 47:48
- speed: Fast
- version: 1.28 W3XP
- replay type: Public
» download(270 KB)
Players
team 1 (loser)
ARMYOFDARKNESS (
yellow | 32 APM | 1235 actions | 38:37)
5 Dreadlord
3 Vampiric Aura
2 Sleep
2 Death Knight
1 Unholy Aura
1 Death Pact
» actions
| Build / train | 89 | |
| Enter build submenu | 26 | |
| Enter hero's abilities submenu | 7 | |
| Remove unit from queue | 2 | |
| Right click | 626 | |
| Select / deselect | 432 | |
| Use ability | 53 | |
1235 total
» units
| Acolyte | 6 | |
| Ghoul | 4 | |
| Crypt Fiend | 12 | |
| Necromancer | 7 | |
| Gargoyle | 22 | |
51 total
» upgrades
| Creature Attack | 3 | |
| Creature Carapace | 3 | |
| Web | 1 | |
| Burrow | 1 | |
| Necromancer Training | 1 | |
| Skeletal Longevity | 1 | |
| Unholy Strength | 1 | |
| Unholy Armor | 1 | |
12 total
» buildings
| Crypt | 2 | |
| Ziggurat | 12 | |
| Altar of Darkness | 1 | |
| Graveyard | 1 | |
| Halls of the Dead | 1 | |
| Temple of the Damned | 1 | |
| Slaughterhouse | 1 | |
| Spirit Tower | 7 | |
| Nerubian Tower | 4 | |
| Black Citadel | 1 | |
31 total
» build order
00:13 Crypt
00:18 Ziggurat
00:35 Altar of Darkness
00:59 Graveyard
02:55 Ziggurat
03:01 Ziggurat
04:08 Ziggurat
05:19 Halls of the Dead
08:06 Temple of the Damned
08:20 Ziggurat
08:29 Ziggurat
08:37 Ziggurat
11:53 Crypt
13:37 Slaughterhouse
16:04 Ziggurat
16:06 Spirit Tower
16:08 Spirit Tower
16:12 Ziggurat
18:36 Spirit Tower
19:08 Nerubian Tower
19:10 Nerubian Tower
19:13 Nerubian Tower
19:15 Spirit Tower
19:16 Spirit Tower
20:36 Black Citadel
35:27 Ziggurat
35:34 Ziggurat
36:27 Ziggurat
37:27 Spirit Tower
37:28 Spirit Tower
37:50 Nerubian Tower
» items
| Orb of Lightning | 1 | |
| Potion of Healing | 1 | |
2 total

»
ACE_coyne (
red | 40 APM | 1312 actions | 32:39)
3 Archmage
2 Summon Water Elemental
1 Brilliance Aura
2 Mountain King
1 Storm Bolt
1 Bash
» actions
| Assign group hotkey | 12 | |
| Basic commands | 30 | |
| Build / train | 119 | |
| Enter build submenu | 45 | |
| Enter hero's abilities submenu | 5 | |
| Give item / drop item | 1 | |
| Remove unit from queue | 5 | |
| Right click | 333 | |
| Select / deselect | 296 | |
| Select group hotkey | 393 | |
| Use ability | 73 | |
1312 total
» units
| Peasant | 47 | |
| Footman | 7 | |
| Rifleman | 1 | |
| Spell Breaker | 9 | |
| Knight | 3 | |
| Flying Machine | 8 | |
75 total
» upgrades
| Plating | 1 | |
| Defend | 1 | |
| Masonry | 3 | |
| Swords | 2 | |
| Magic Sentry | 1 | |
| Animal War Training | 1 | |
| Gunpowder | 2 | |
11 total
» buildings
| Altar of Kings | 1 | |
| Farm | 8 | |
| Barracks | 2 | |
| Blacksmith | 1 | |
| Arcane Vault | 2 | |
| Lumber Mill | 2 | |
| Town Hall | 2 | |
| Scout Tower | 14 | |
| Keep | 2 | |
| Arcane Tower | 2 | |
| Guard Tower | 9 | |
| Castle | 2 | |
| Arcane Sanctum | 1 | |
| Workshop | 1 | |
49 total
» build order
00:09 Altar of Kings
00:11 Farm
00:18 Barracks
01:33 Blacksmith
01:41 Farm
01:56 Arcane Vault
02:20 Farm
02:58 Farm
03:57 Farm
05:35 Lumber Mill
05:56 Town Hall
05:57 Scout Tower
06:30 Scout Tower
06:35 Keep
07:02 Arcane Tower
07:04 Guard Tower
07:06 Scout Tower
07:38 Guard Tower
07:41 Scout Tower
07:55 Farm
08:18 Guard Tower
08:20 Scout Tower
09:11 Guard Tower
09:13 Scout Tower
09:25 Castle
09:28 Barracks
09:44 Guard Tower
09:56 Arcane Vault
10:06 Arcane Sanctum
11:31 Scout Tower
11:35 Farm
11:42 Scout Tower
12:03 Arcane Tower
12:06 Scout Tower
12:19 Farm
12:45 Scout Tower
13:22 Scout Tower
13:51 Arcane Tower
13:54 Scout Tower
14:16 Guard Tower
14:24 Guard Tower
15:05 Scout Tower
15:55 Guard Tower
16:50 Keep
16:53 Scout Tower
17:22 Guard Tower
20:58 Lumber Mill
22:46 Workshop
24:35 Castle
27:08 Town Hall
» items
| Scroll of Regeneration | 2 | |
| Lesser Clarity Potion | 1 | |
| Potion of Healing | 3 | |
| Healing Salve | 1 | |
| Orb of Lightning | 1 | |
| Boots of Speed | 1 | |
9 total
rod-got-lucky (
teal | 44 APM | 2086 actions | 47:46)
4 Blademaster
2 Wind Walk
2 Critical Strike
» actions
| Assign group hotkey | 33 | |
| Basic commands | 17 | |
| Build / train | 89 | |
| Enter build submenu | 34 | |
| Enter hero's abilities submenu | 4 | |
| Give item / drop item | 5 | |
| Remove unit from queue | 2 | |
| Right click | 741 | |
| Select / deselect | 377 | |
| Select group hotkey | 648 | |
| Use ability | 136 | |
2086 total
» units
| Peon | 19 | |
| Grunt | 3 | |
| Goblin Shredder | 4 | |
| Wind Rider | 7 | |
| Goblin Sapper | 18 | |
| Goblin Zeppelin | 2 | |
53 total
» upgrades
| Reinforced Defenses | 1 | |
| Ranged Weapons | 3 | |
| Armor | 3 | |
| Envenomed Spears | 1 | |
8 total
» buildings
| Altar of Storms | 1 | |
| Orc Burrow | 6 | |
| Barracks | 1 | |
| Voodoo Lounge | 1 | |
| Great Hall | 1 | |
| Stronghold | 2 | |
| War Mill | 1 | |
| Fortress | 2 | |
| Watch Tower | 26 | |
| Beastiary | 4 | |
45 total
» build order
00:07 Altar of Storms
00:16 Orc Burrow
00:37 Barracks
01:26 Orc Burrow
01:56 Voodoo Lounge
03:30 Great Hall
03:51 Stronghold
03:51 Stronghold
04:05 Orc Burrow
04:31 War Mill
06:21 Fortress
06:24 Watch Tower
06:24 Watch Tower
06:26 Watch Tower
06:46 Watch Tower
06:48 Watch Tower
06:52 Watch Tower
07:11 Beastiary
07:32 Beastiary
08:08 Watch Tower
08:09 Watch Tower
08:31 Watch Tower
09:10 Watch Tower
09:18 Watch Tower
09:52 Beastiary
09:54 Orc Burrow
09:55 Orc Burrow
10:30 Watch Tower
10:33 Watch Tower
11:30 Watch Tower
11:55 Watch Tower
13:02 Orc Burrow
13:09 Watch Tower
13:51 Watch Tower
14:23 Beastiary
15:52 Watch Tower
16:01 Watch Tower
18:26 Watch Tower
19:18 Watch Tower
19:18 Watch Tower
19:18 Watch Tower
19:19 Watch Tower
21:52 Watch Tower
21:53 Watch Tower
» items
| Healing Salve | 4 | |
| Scroll of Town Portal | 2 | |
| Staff of Teleportation | 2 | |
| Boots of Speed | 1 | |
| Orb of Lightning | 1 | |
| Tiny Great Hall | 3 | |
13 total
Nahsir (
purple | 62 APM | 2388 actions | 38:33)
6 Tauren Chieftain
2 War Stomp
3 Endurance Aura
1 Reincarnation
5 Shadow Hunter
2 Healing Wave
3 Hex
» actions
| Assign group hotkey | 42 | |
| Basic commands | 1 | |
| Build / train | 85 | |
| ESC pressed | 7 | |
| Enter build submenu | 27 | |
| Enter hero's abilities submenu | 11 | |
| Give item / drop item | 3 | |
| Right click | 1053 | |
| Select / deselect | 453 | |
| Select group hotkey | 537 | |
| Use ability | 169 | |
2388 total
» units
| Peon | 13 | |
| Troll Headhunter/Berserker | 14 | |
| Troll Witch Doctor | 7 | |
| Shaman | 7 | |
41 total
» upgrades
| Ranged Weapons | 3 | |
| Troll Regeneration | 1 | |
| Shaman Training | 3 | |
| Witch Doctor Training | 3 | |
| Armor | 4 | |
| Berserker Strength | 1 | |
| Berserker Upgrade | 1 | |
| Reinforced Defenses | 1 | |
17 total
» buildings
| Altar of Storms | 1 | |
| Orc Burrow | 8 | |
| War Mill | 1 | |
| Barracks | 2 | |
| Voodoo Lounge | 2 | |
| Watch Tower | 12 | |
| Stronghold | 1 | |
| Spirit Lodge | 2 | |
| Great Hall | 1 | |
| Fortress | 1 | |
31 total
» build order
00:16 Altar of Storms
00:25 Orc Burrow
01:22 War Mill
01:29 Barracks
01:54 Orc Burrow
02:07 Voodoo Lounge
02:13 Voodoo Lounge
02:30 Orc Burrow
03:43 Watch Tower
04:23 Watch Tower
05:09 Stronghold
06:21 Watch Tower
06:24 Watch Tower
06:29 Orc Burrow
07:37 Spirit Lodge
07:49 Spirit Lodge
08:32 Great Hall
09:08 Fortress
10:30 Watch Tower
14:01 Barracks
14:37 Orc Burrow
15:41 Orc Burrow
21:12 Watch Tower
21:15 Watch Tower
21:20 Orc Burrow
21:25 Orc Burrow
24:21 Watch Tower
24:22 Watch Tower
24:24 Watch Tower
24:27 Watch Tower
24:29 Watch Tower
» items
| Healing Salve | 1 | |
| Scroll of Speed | 2 | |
| Boots of Speed | 1 | |
| Scroll of Town Portal | 4 | |
| Orb of Lightning | 1 | |
| Potion of Mana | 1 | |
| Lesser Clarity Potion | 1 | |
11 total
team 2 (winner)

»
L2PNOOBS (
pink | 39 APM | 845 actions | 21:52)
4 Demon Hunter
2 Mana Burn
2 Evasion
2 Keeper of the Grove
1 Thorns Aura
1 Entangling Roots
» actions
| Assign group hotkey | 17 | |
| Basic commands | 45 | |
| Build / train | 70 | |
| ESC pressed | 1 | |
| Enter build submenu | 16 | |
| Enter hero's abilities submenu | 6 | |
| Remove unit from queue | 5 | |
| Right click | 312 | |
| Select / deselect | 240 | |
| Select group hotkey | 87 | |
| Use ability | 46 | |
845 total
» units
| Wisp | 20 | |
| Archer | 3 | |
| Druid of the Talon | 5 | |
| Hippogryph | 6 | |
| Chimaera | 2 | |
36 total
» upgrades
| Ultravision | 1 | |
| Strength of the Wild | 3 | |
| Reinforced Hides | 3 | |
| Druid of the Talon Training | 2 | |
| Mark of the Talon | 1 | |
| Well Spring | 1 | |
| Nature's Blessing | 1 | |
| Corrosive Breath | 1 | |
13 total
» buildings
| Moon Well | 7 | |
| Altar of Elders | 1 | |
| Ancient of War | 1 | |
| Tree of Ages | 1 | |
| Hunter's Hall | 1 | |
| Tree of Eternity | 1 | |
| Ancient of Wind | 3 | |
| Tree of Life | 1 | |
| Chimaera Roost | 3 | |
| Ancient Protector | 1 | |
20 total
» build order
00:25 Moon Well
01:09 Moon Well
02:00 Altar of Elders
02:11 Ancient of War
03:14 Tree of Ages
03:23 Hunter's Hall
05:08 Moon Well
05:10 Moon Well
05:11 Moon Well
05:36 Tree of Eternity
05:42 Ancient of Wind
05:51 Ancient of Wind
05:53 Ancient of Wind
06:24 Tree of Life
07:47 Moon Well
12:20 Chimaera Roost
12:25 Chimaera Roost
12:32 Chimaera Roost
15:48 Ancient Protector
15:58 Moon Well
Spiderl123 (
green | 22 APM | 1064 actions | 47:46)
6 Blademaster
3 Critical Strike
2 Wind Walk
1 Bladestorm
» actions
| Basic commands | 2 | |
| Build / train | 55 | |
| Enter build submenu | 28 | |
| Enter hero's abilities submenu | 6 | |
| Right click | 666 | |
| Select / deselect | 241 | |
| Use ability | 66 | |
1064 total
» units
| Peon | 10 | |
| Grunt | 4 | |
| Troll Headhunter/Berserker | 3 | |
| Shaman | 6 | |
| Tauren | 7 | |
30 total
» upgrades
| Armor | 2 | |
| Melee Weapons | 2 | |
| Shaman Training | 2 | |
| Troll Regeneration | 1 | |
| Berserker Upgrade | 1 | |
| Ranged Weapons | 1 | |
| Pulverize | 1 | |
| Reinforced Defenses | 1 | |
| Spiked Barricades | 1 | |
12 total
» buildings
| Orc Burrow | 7 | |
| War Mill | 1 | |
| Altar of Storms | 1 | |
| Watch Tower | 9 | |
| Barracks | 1 | |
| Stronghold | 1 | |
| Fortress | 1 | |
| Spirit Lodge | 1 | |
| Tauren Totem | 1 | |
| Voodoo Lounge | 2 | |
| Great Hall | 1 | |
26 total
» build order
00:07 Orc Burrow
00:12 War Mill
01:06 Altar of Storms
01:28 Watch Tower
02:07 Watch Tower
02:15 Orc Burrow
02:35 Barracks
03:15 Watch Tower
03:46 Orc Burrow
04:05 Stronghold
06:28 Fortress
06:33 Spirit Lodge
08:58 Tauren Totem
10:23 Orc Burrow
12:05 Orc Burrow
12:54 Orc Burrow
13:20 Voodoo Lounge
13:29 Voodoo Lounge
13:56 Orc Burrow
18:57 Watch Tower
19:00 Watch Tower
19:10 Watch Tower
19:14 Watch Tower
20:32 Watch Tower
21:54 Watch Tower
38:42 Great Hall
» items
| Healing Salve | 1 | |
| Potion of Healing | 1 | |
| Orb of Lightning | 1 | |
| Scroll of Town Portal | 1 | |
4 total
NOTIME4FUCNIGAS (
orange | 58 APM | 2769 actions | 47:48)
8 Blademaster
3 Wind Walk
3 Critical Strike
1 Bladestorm
1 Mirror Image
» actions
| Assign group hotkey | 41 | |
| Basic commands | 153 | |
| Build / train | 89 | |
| Enter build submenu | 80 | |
| Enter hero's abilities submenu | 8 | |
| Give item / drop item | 11 | |
| Remove unit from queue | 4 | |
| Right click | 1214 | |
| Select / deselect | 572 | |
| Select group hotkey | 281 | |
| Use ability | 316 | |
2769 total
» units
| Peon | 19 | |
| Grunt | 4 | |
| Goblin Shredder | 1 | |
| Troll Batrider | 11 | |
| Goblin Zeppelin | 1 | |
| Troll Witch Doctor | 1 | |
37 total
» upgrades
| Ranged Weapons | 3 | |
| Armor | 3 | |
| Reinforced Defenses | 1 | |
| Troll Regeneration | 1 | |
| Liquid Fire | 1 | |
| Witch Doctor Training | 1 | |
10 total
» buildings
| Orc Burrow | 4 | |
| Altar of Storms | 1 | |
| Barracks | 1 | |
| Voodoo Lounge | 3 | |
| War Mill | 1 | |
| Watch Tower | 91 | |
| Great Hall | 3 | |
| Stronghold | 1 | |
| Fortress | 1 | |
| Beastiary | 4 | |
| Spirit Lodge | 1 | |
111 total
» build order
00:15 Orc Burrow
00:53 Altar of Storms
00:54 Barracks
01:07 Orc Burrow
01:50 Voodoo Lounge
02:49 War Mill
03:56 Orc Burrow
04:05 Watch Tower
04:43 Great Hall
05:23 Orc Burrow
05:46 Stronghold
07:03 Watch Tower
07:04 Watch Tower
07:04 Watch Tower
07:05 Watch Tower
07:37 Watch Tower
07:39 Watch Tower
09:27 Fortress
09:32 Watch Tower
10:31 Beastiary
10:32 Beastiary
11:30 Beastiary
11:32 Beastiary
11:55 Watch Tower
11:56 Watch Tower
11:59 Watch Tower
12:01 Watch Tower
12:02 Watch Tower
13:20 Voodoo Lounge
15:08 Watch Tower
16:34 Watch Tower
16:36 Watch Tower
17:10 Watch Tower
17:17 Watch Tower
17:18 Watch Tower
17:19 Watch Tower
17:19 Watch Tower
17:20 Watch Tower
18:22 Watch Tower
18:24 Watch Tower
21:08 Watch Tower
21:10 Watch Tower
21:24 Watch Tower
21:25 Watch Tower
24:11 Watch Tower
24:12 Watch Tower
24:18 Watch Tower
27:03 Watch Tower
27:04 Watch Tower
27:04 Watch Tower
27:05 Watch Tower
27:05 Watch Tower
31:05 Watch Tower
31:06 Watch Tower
31:06 Watch Tower
31:07 Watch Tower
31:07 Watch Tower
31:08 Watch Tower
31:11 Watch Tower
31:11 Watch Tower
31:12 Watch Tower
31:17 Great Hall
31:21 Watch Tower
31:21 Watch Tower
31:21 Watch Tower
31:23 Watch Tower
31:23 Watch Tower
31:25 Watch Tower
31:25 Watch Tower
31:26 Watch Tower
31:26 Watch Tower
31:26 Watch Tower
31:27 Watch Tower
34:39 Voodoo Lounge
34:40 Watch Tower
34:40 Watch Tower
34:43 Watch Tower
34:43 Watch Tower
34:44 Watch Tower
34:45 Watch Tower
34:46 Watch Tower
34:51 Watch Tower
34:52 Watch Tower
34:53 Watch Tower
34:54 Watch Tower
34:54 Watch Tower
34:55 Watch Tower
34:56 Watch Tower
34:57 Watch Tower
34:57 Watch Tower
34:58 Watch Tower
34:58 Watch Tower
36:25 Spirit Lodge
38:25 Great Hall
38:28 Watch Tower
38:29 Watch Tower
38:30 Watch Tower
38:31 Watch Tower
38:32 Watch Tower
38:33 Watch Tower
38:44 Watch Tower
38:45 Watch Tower
38:46 Watch Tower
38:47 Watch Tower
38:54 Watch Tower
38:56 Watch Tower
38:57 Watch Tower
» items
| Healing Salve | 11 | |
| Scroll of Town Portal | 5 | |
| Periapt of Vitality | 1 | |
| Potion of Healing | 7 | |
| Lesser Clarity Potion | 2 | |
| Orb of Lightning | 1 | |
27 total
DialUp (
blue | 85 APM | 4050 actions | 47:30)
8 Archmage
2 Summon Water Elemental
3 Brilliance Aura
2 Blizzard
1 Mass Teleport
» actions
| Assign group hotkey | 99 | |
| Basic commands | 219 | |
| Build / train | 282 | |
| ESC pressed | 7 | |
| Enter build submenu | 83 | |
| Enter hero's abilities submenu | 8 | |
| Give item / drop item | 9 | |
| Remove unit from queue | 1 | |
| Right click | 1271 | |
| Select / deselect | 556 | |
| Select group hotkey | 1220 | |
| Use ability | 295 | |
4050 total
» units
| Peasant | 17 | |
| Footman | 6 | |
| Dragonhawk Rider | 1 | |
| Gryphon Rider | 9 | |
| Goblin Zeppelin | 1 | |
| Goblin Shredder | 3 | |
| Sorceress | 1 | |
| Priest | 1 | |
| Siege Engine | 1 | |
40 total
» upgrades
| Masonry | 3 | |
| Swords | 3 | |
| Armor | 3 | |
| Lumber Harvesting | 2 | |
| Animal War Training | 1 | |
| Storm Hammers | 1 | |
| Cloud | 1 | |
| Sorceress Training | 2 | |
| Plating | 3 | |
| Gunpowder | 3 | |
| Priest Training | 2 | |
| Fragmentation Shards | 1 | |
| Barrage | 1 | |
| Flak Cannons | 1 | |
| Flying Machine Bombs | 1 | |
| Flare | 1 | |
| Magic Sentry | 1 | |
30 total
» buildings
| Barracks | 1 | |
| Altar of Kings | 1 | |
| Farm | 8 | |
| Lumber Mill | 1 | |
| Arcane Vault | 3 | |
| Town Hall | 2 | |
| Scout Tower | 63 | |
| Keep | 3 | |
| Arcane Tower | 25 | |
| Blacksmith | 1 | |
| Guard Tower | 116 | |
| Castle | 3 | |
| Gryphon Aviary | 2 | |
| Arcane Sanctum | 1 | |
| Workshop | 2 | |
| Cannon Tower | 5 | |
237 total
» build order
00:38 Barracks
00:40 Altar of Kings
00:49 Farm
01:06 Farm
01:08 Farm
01:47 Farm
01:52 Farm
03:00 Lumber Mill
03:26 Arcane Vault
03:30 Arcane Vault
03:38 Town Hall
04:36 Farm
04:51 Scout Tower
05:39 Keep
05:39 Keep
06:14 Arcane Tower
06:15 Scout Tower
06:16 Scout Tower
06:17 Scout Tower
06:48 Blacksmith
06:52 Guard Tower
07:37 Scout Tower
07:38 Scout Tower
07:40 Scout Tower
08:06 Castle
08:06 Castle
08:10 Gryphon Aviary
08:13 Gryphon Aviary
08:24 Guard Tower
08:24 Guard Tower
08:29 Guard Tower
08:29 Guard Tower
09:22 Scout Tower
09:55 Guard Tower
09:55 Guard Tower
09:55 Guard Tower
10:15 Scout Tower
10:17 Scout Tower
10:17 Scout Tower
11:40 Guard Tower
11:47 Guard Tower
11:47 Guard Tower
13:21 Scout Tower
13:23 Scout Tower
13:39 Farm
14:02 Guard Tower
14:02 Guard Tower
14:02 Guard Tower
14:04 Scout Tower
14:05 Scout Tower
14:39 Guard Tower
14:40 Guard Tower
17:01 Arcane Sanctum
18:14 Scout Tower
18:16 Scout Tower
18:17 Scout Tower
18:19 Scout Tower
18:45 Guard Tower
18:45 Guard Tower
18:45 Guard Tower
18:58 Guard Tower
19:08 Farm
21:59 Town Hall
22:01 Scout Tower
22:01 Scout Tower
22:02 Scout Tower
22:03 Scout Tower
22:28 Guard Tower
22:28 Guard Tower
22:29 Guard Tower
22:30 Scout Tower
22:30 Scout Tower
22:31 Scout Tower
22:31 Scout Tower
22:32 Guard Tower
22:38 Scout Tower
22:39 Scout Tower
22:40 Scout Tower
22:42 Scout Tower
22:43 Scout Tower
22:47 Scout Tower
22:49 Scout Tower
23:01 Guard Tower
23:02 Guard Tower
23:02 Guard Tower
23:22 Guard Tower
23:22 Guard Tower
23:22 Guard Tower
23:26 Guard Tower
23:26 Guard Tower
23:26 Guard Tower
23:26 Guard Tower
23:31 Guard Tower
23:31 Guard Tower
23:31 Guard Tower
23:34 Guard Tower
23:35 Guard Tower
23:35 Guard Tower
23:36 Guard Tower
23:36 Guard Tower
23:36 Guard Tower
24:12 Arcane Vault
24:18 Scout Tower
24:28 Scout Tower
24:30 Scout Tower
24:31 Scout Tower
24:34 Scout Tower
24:35 Scout Tower
24:42 Guard Tower
24:42 Guard Tower
24:43 Guard Tower
24:45 Guard Tower
24:45 Guard Tower
24:45 Guard Tower
25:02 Guard Tower
25:02 Guard Tower
25:02 Guard Tower
25:03 Guard Tower
25:04 Guard Tower
25:04 Guard Tower
25:04 Guard Tower
25:04 Guard Tower
25:05 Guard Tower
25:05 Guard Tower
25:10 Scout Tower
25:13 Scout Tower
25:15 Scout Tower
25:24 Workshop
25:26 Workshop
25:46 Scout Tower
25:49 Scout Tower
25:54 Guard Tower
25:54 Guard Tower
25:54 Guard Tower
26:14 Guard Tower
26:14 Guard Tower
26:14 Guard Tower
26:37 Guard Tower
26:37 Guard Tower
26:38 Guard Tower
26:44 Scout Tower
26:47 Scout Tower
26:55 Scout Tower
27:18 Guard Tower
27:18 Guard Tower
27:18 Guard Tower
27:20 Arcane Tower
27:20 Arcane Tower
27:21 Arcane Tower
27:28 Scout Tower
27:39 Guard Tower
27:39 Guard Tower
27:39 Guard Tower
27:59 Scout Tower
28:04 Arcane Tower
28:04 Arcane Tower
28:04 Arcane Tower
30:00 Cannon Tower
30:00 Cannon Tower
30:01 Cannon Tower
35:57 Scout Tower
36:03 Scout Tower
36:04 Scout Tower
36:05 Scout Tower
36:20 Scout Tower
36:28 Guard Tower
36:28 Guard Tower
36:28 Guard Tower
36:34 Guard Tower
36:35 Guard Tower
36:44 Guard Tower
36:45 Guard Tower
36:45 Guard Tower
36:45 Guard Tower
36:47 Scout Tower
36:50 Arcane Tower
36:50 Arcane Tower
36:50 Arcane Tower
36:55 Scout Tower
36:56 Scout Tower
36:59 Scout Tower
37:25 Arcane Tower
37:25 Arcane Tower
37:25 Arcane Tower
37:25 Arcane Tower
37:30 Arcane Tower
37:31 Arcane Tower
37:31 Arcane Tower
37:31 Arcane Tower
37:32 Guard Tower
37:32 Guard Tower
37:33 Guard Tower
37:54 Scout Tower
37:58 Scout Tower
38:01 Scout Tower
38:03 Scout Tower
38:22 Guard Tower
38:23 Guard Tower
38:33 Arcane Tower
38:39 Arcane Tower
38:39 Guard Tower
38:39 Guard Tower
38:40 Guard Tower
» items
| Scroll of Regeneration | 9 | |
| Mechanical Critter | 6 | |
| Scroll of Town Portal | 3 | |
| Potion of Lesser Invulnerability | 1 | |
| Periapt of Vitality | 1 | |
| Potion of Invisibility | 4 | |
| Circlet of Nobility | 1 | |
| Tome of Retraining | 1 | |
| Staff of Teleportation | 1 | |
| Lesser Clarity Potion | 1 | |
| Orb of Lightning | 1 | |
| Potion of Healing | 3 | |
| Tiny Great Hall | 1 | |
33 total
Chat log
(00:27 / All) NOTIME4FUCNIGAS: LOVE MY HATAHS
(00:59 / All) L2PNOOBS: ya bout 2 get ur motha fuckin shit raped niggas
(01:33 / Allies) L2PNOOBS: gonna tech/cc
(01:36 / Allies) L2PNOOBS: cool?
(01:40 / Allies) NOTIME4FUCNIGAS: aite
(01:42 / Allies) NOTIME4FUCNIGAS: aite boo
(01:44 / Allies) NOTIME4FUCNIGAS: u do u
(02:36 / Allies) L2PNOOBS: green blue?
(06:39 / Allies) L2PNOOBS: omw
(07:04 / Allies) L2PNOOBS: heal at wells
(07:15 / Allies) NOTIME4FUCNIGAS: atie
(07:17 / Allies) NOTIME4FUCNIGAS: aite
(08:41 / Allies) L2PNOOBS: omw orange
(10:00 / Allies) L2PNOOBS: going hippos/talons/chims
(11:32 / Allies) L2PNOOBS: look
(13:24 / Allies) L2PNOOBS: massive counter aa
(13:26 / Allies) DialUp: inc my expo again I think
(13:29 / Allies) L2PNOOBS: my strat
(14:43 / Allies) L2PNOOBS: spare wood?
(14:45 / Allies) DialUp: ty
(14:48 / Allies) DialUp: I have no spare lumber
(15:06 / Allies) Spiderl123: knights
(15:34 / Allies) NOTIME4FUCNIGAS: blizz the peons
(15:35 / Allies) NOTIME4FUCNIGAS: at wood
(15:38 / Allies) NOTIME4FUCNIGAS: and towers
(15:43 / Allies) NOTIME4FUCNIGAS: bliz the towrs nad peons there
(15:48 / Allies) NOTIME4FUCNIGAS: sigh
(15:53 / Allies) DialUp: oh
(15:58 / Allies) DialUp: I wasn't lookin at chat
(16:00 / Allies) NOTIME4FUCNIGAS: be careful of mana
(16:27 / Allies) L2PNOOBS: team?
(16:59 / Allies) L2PNOOBS: pathetic response
(17:12 / Allies) DialUp: when your mom gave birth to you that's what she thought
(17:18 / Allies) DialUp: your dad gave that sperm
(17:21 / Allies) DialUp: and you came out
(17:22 / Allies) DialUp: wtf
(17:22 / Allies) Spiderl123: lol
(17:24 / Allies) DialUp: "pathetic response"
(17:27 / Allies) NOTIME4FUCNIGAS: I'm lagging like cray
(17:28 / Allies) L2PNOOBS: wow
(17:48 / All) L2PNOOBS: gg worthless morons on team
(17:53 / All) DialUp: yeah we got pink
(17:54 / Allies) Spiderl123: fuck you
(17:56 / All) DialUp: dumbest idiot ever
(18:04 / All) L2PNOOBS: green and blue talk for the first time in 20 mins
(18:13 / Allies) Spiderl123: fuck you kid
(18:17 / Allies) L2PNOOBS: kill urselfs u worthless morons
(18:25 / Allies) Spiderl123: virgins first
(19:03 / Allies) L2PNOOBS: amazingly bad
(19:07 / Allies) L2PNOOBS: uninstall
(19:17 / Allies) L2PNOOBS: how are u so bad in a 12 y/o game?
(19:17 / Allies) DialUp: uninstall your life bro
(19:24 / Allies) DialUp: kill yourself for me
(19:27 / Allies) L2PNOOBS: 7k gold
(19:28 / Allies) L2PNOOBS: lmfao
(19:30 / Allies) L2PNOOBS: pro
(19:36 / Allies) DialUp: damn straight
(19:38 / All) L2PNOOBS: blue has 7k gold and 2k wood
(19:39 / Allies) DialUp: you're a fuckin scrub
(19:44 / Allies) L2PNOOBS: NOOOOOB
(19:48 / All) L2PNOOBS: NOOOOOOOOOOOOOOOOOOOOOOOOB
(19:49 / All) DialUp: Pink wishes he had my wealth
(20:00 / All) L2PNOOBS: lol thats wat the games about
(20:06 / All) L2PNOOBS: genuis
(20:28 / All) DialUp: I'm like the donald trump of 4v4
(20:31 / All) DialUp: I have so much gold
(21:01 / All) L2PNOOBS: no idea wtf my team is doing... all have 5k+ gold and 1k+ wood
(21:11 / All) DialUp: meanwhile you have NOTHING!
(21:15 / All) L2PNOOBS: blue almost 10k
(21:16 / All) rod-got-lucky: pink i havent helped my team either
(21:18 / All) rod-got-lucky: its fair
(21:20 / All) rod-got-lucky: ask my team
(21:44 / All) L2PNOOBS: enjoy raping blues towers
(21:51 / All) L2PNOOBS: not worth my time
(22:14 / All) NOTIME4FUCNIGAS: thanks jak
(22:16 / All) NOTIME4FUCNIGAS: retard
(22:38 / All) NOTIME4FUCNIGAS: raped half my bats
(22:42 / All) NOTIME4FUCNIGAS: told you I'm lagging
(22:44 / All) rod-got-lucky: i wasnt looking obv
(22:51 / All) NOTIME4FUCNIGAS: IO went north
(22:52 / All) NOTIME4FUCNIGAS: hmm
(22:56 / All) NOTIME4FUCNIGAS: I think I bet goiung to purp!
(23:10 / All) rod-got-lucky: i wasnt looking . what else can i say lol
(23:18 / All) NOTIME4FUCNIGAS: get ur shit together fucc nigga
(23:51 / Allies) NOTIME4FUCNIGAS: take out red expo when u can
(25:11 / All) rod-got-lucky: that isnt the pint dude
(25:14 / All) rod-got-lucky: they sappered ur expo
(25:15 / All) rod-got-lucky: i took it
(25:18 / All) rod-got-lucky: i did nothing wrong
(27:25 / All) rod-got-lucky: shop smart
(27:28 / All) rod-got-lucky: shop sMART
(28:48 / All) NOTIME4FUCNIGAS: this lag unplayable
(29:08 / Allies) NOTIME4FUCNIGAS: why u not help me in mid rod
(29:16 / Allies) DialUp: I'm being lazy
(29:18 / Allies) DialUp: wasn't even looking
(29:23 / Allies) DialUp: I'm just using my hero
(29:57 / Allies) NOTIME4FUCNIGAS: I pinged it a lot and he's sent many waves
(30:40 / Allies) NOTIME4FUCNIGAS: gold me
(30:59 / Allies) NOTIME4FUCNIGAS: gold meh
(31:44 / Allies) DialUp: one sec
(35:16 / Allies) NOTIME4FUCNIGAS: gold
(35:35 / All) NOTIME4FUCNIGAS: dude is a mher
(35:57 / Allies) NOTIME4FUCNIGAS: make towers in mid lawl
(36:12 / Allies) DialUp: tped those peasants by mistake lol
(36:32 / Allies) NOTIME4FUCNIGAS: pool me like 5k
(36:36 / All) Nahsir: im done
(36:39 / All) Nahsir: we have a tk
(36:40 / All) NOTIME4FUCNIGAS: lawl
(36:54 / All) rod-got-lucky: i havent tked one time lol
(36:56 / All) Nahsir: nah teal wants to take all the mines and goafk
(37:01 / All) NOTIME4FUCNIGAS: and
(37:10 / All) DialUp: so what?
(37:13 / All) DialUp: it's a free country
(37:15 / All) DialUp: cherryville ain
(37:19 / All) DialUp: ain't no communist place
(37:20 / All) NOTIME4FUCNIGAS: he's an entrepeneur
(37:22 / All) DialUp: you can take all the gold you want
(37:30 / All) Nahsir: and that doesn't mean i want to play with him
(37:39 / All) DialUp: then you're a coward
(37:41 / Allies) NOTIME4FUCNIGAS: upgrade arcane lawl
(37:42 / All) DialUp: nothin' but a coward
(37:44 / Allies) NOTIME4FUCNIGAS: so he can't put wards down
(37:47 / All) Nahsir: wrong
(37:48 / Allies) DialUp: k
(37:50 / All) Nahsir: very wrong
(38:09 / All) Nahsir: not putting up with trolling teammates is not cowardly
(38:18 / All) NOTIME4FUCNIGAS: yes it is, you are taking hte cowards way out
(38:19 / All) DialUp: yes it is
(38:20 / All) DialUp: coward
(38:29 / Allies) DialUp: wow all those wards when it upgraded lol
(38:31 / All) Nahsir: k
(38:32 / All) Nahsir: cya
(38:59 / All) NOTIME4FUCNIGAS: shieeeet
(39:03 / All) rod-got-lucky: lawl
(39:04 / Allies) DialUp: green
(39:05 / Allies) DialUp: you there?
(39:12 / Allies) DialUp: we can do this the long way or the short way
(39:15 / Allies) Spiderl123: holy fuck hes a mh
(39:20 / Allies) DialUp: leave now and you get a tie
(39:22 / Allies) DialUp: stay and you get a loss
(39:30 / Allies) DialUp: orange and I are going to kill every building on our side
(39:47 / All) rod-got-lucky: this was chill game for one man stabber. i say just give green the iwn
(40:00 / All) DialUp: I really don't feel like killing all this shit
(40:01 / All) DialUp: maaan
(40:07 / All) rod-got-lucky: let green win
(40:13 / All) NOTIME4FUCNIGAS: mostly just towrs
(40:51 / All) rod-got-lucky: AFK
(40:56 / All) NOTIME4FUCNIGAS: level 2 wind walk on level 6 bm lol
(42:38 / All) NOTIME4FUCNIGAS: I wish purp wasn't quitter
(42:42 / All) NOTIME4FUCNIGAS: the battles in the mid were fun
(44:25 / All) NOTIME4FUCNIGAS: TIME IS A FLAT CIRCLE
(46:43 / All) NOTIME4FUCNIGAS: why little nigger purple assault my expo instead of rod!?
(46:49 / All) NOTIME4FUCNIGAS: what a maroon!
(47:07 / All) NOTIME4FUCNIGAS: green u there?